 Dungeon Crawl Stone Soup version 0.22.1-5-g62c59d9 (webtiles) character file.

9016 dvd the Cleaver (level 11, 0/58 HPs)
             Began as a Vine Stalker Fighter on Jan 7, 2019.
             Was a Priest of Makhleb.
             Slain by an ice beast (8 damage)
             ... summoned by an ice statue
             ... in an ice cave.
             The game lasted 00:21:00 (7356 turns).

dvd the Cleaver (Vine Stalker Fighter)              Turns: 7356, Time: 00:21:01

Health: 0/58       AC: 14    Str: 21    XL:     11   Next: 39%
Magic:  0/13       EV: 10    Int:  8    God:    Makhleb [***...]
Gold:   462        SH: 11    Dex: 15    Spells: 10/10 levels left

rFire    . . .     SeeInvis .   a - +4 war axe
rCold    . . .     Gourm    .   c - +0 shield
rNeg     . . .     Faith    .   b - +0 scale mail
rPois    +         Spirit   +   i - +2 helmet
rElec    .         Reflect  .   A - +2 cloak
rCorr    .         Harm     .   (no gloves)
MR       +....                  (no boots)
Stlth    +.........             (no amulet)
HPRegen  0.59/turn              D - ring of poison resistance (curse)
MPRegen  0.13/turn              (no ring)

@: no status effects
A: fangs 3, regeneration 1, magic shield, antimagic bite, no potion heal 3, rot
immunity
a: Minor Destruction, Lesser Servant of Makhleb, Renounce Religion


You were in an ice cave.
You worshipped Makhleb.
Makhleb was most pleased with you.
You were not hungry.

You visited 3 branches of the dungeon, and saw 11 of its levels.
You also visited: Ice Cave.

You collected 577 gold pieces.
You spent 115 gold pieces at shops.

Inventory:

Hand Weapons
 a - a +4 war axe (weapon)
 x - a +2 dire flail of protection
 y - a +0 whip
 z - a +0 flail
Armour
 b - a +0 scale mail (worn)
 c - a +0 shield (worn)
 i - a +2 helmet (worn)
 A - a +2 cloak (worn)
Jewellery
 D - a cursed ring of poison resistance (left hand)
Wands
 n - a wand of flame (22)
 q - a wand of digging (12)
 v - a wand of paralysis (4)
 E - a wand of acid (5)
Scrolls
 e - 12 scrolls of identify
 k - a scroll of enchant armour
 m - a scroll of amnesia
 o - 4 scrolls of teleportation
 s - 5 scrolls of fog
Potions
 d - 2 potions of might
 g - a potion of resistance {unknown}
 h - a potion of haste {unknown}
 j - a potion of brilliance
 l - 2 potions of cancellation
 p - a potion of magic {unknown}
 r - 4 potions of degeneration {unknown}
 t - 3 potions of lignification {unknown}
 u - a potion of heal wounds {unknown}
 w - 4 potions of curing {unknown}
 C - a potion of ambrosia {unknown}
 F - a potion of flight {unknown}
Comestibles
 f - 9 rations
 B - 3 chunks of flesh


   Skills:
 + Level 7.1 Fighting
 + Level 10.4 Axes
 + Level 6.1 Armour
 + Level 4.0 Dodging
 + Level 3.4 Stealth
 + Level 6.5 Shields
 + Level 2.5 Invocations


You had 10 spell levels left.
You didn't know any spells.
Your spell library was empty.

Dungeon Overview and Level Annotations

Branches:
Dungeon (9/15)             Temple (1/1) D:6            Lair (1/6) D:8
    Orc: D:9-12

Altars:
Ashenzari
Dithmenos
Gozag
Hepliaklqana
Kikubaaqudgha
Makhleb
Nemelex Xobeh
Okawaru
Qazlal
Ru
Sif Muna
Trog
Uskayaw
Vehumet
Wu Jian
Xom
Zin
The Shining One

Shops:
D:4 [[}(

Annotations:
D:9 Erolcha IceCv exclusion: 2 ice statues


Innate Abilities, Weirdness & Mutations

You have razor-sharp teeth.
Your natural rate of healing is unusually fast.
When hurt, damage is shared between your health and your magic reserves.
Your bite disrupts and absorbs the magic of your enemies.
Potions cannot restore your health.
You are immune to rotting.


Message History

You bite the ice beast, but do no damage.
The ice beast is heavily wounded.
You block the ice beast's attack.
You slash the ice beast!
The ice beast is almost dead.
The ice beast hits you.
* * * LOW HITPOINT WARNING * * *
The ice beast freezes you!
* * * LOW HITPOINT WARNING * * *
Okay, then.
Unknown command.
The ice beast hits you but does no damage.
You slash the ice beast!
You kill the ice beast!
You closely miss the ice beast. You bite the ice beast! You drain its power.
The ice beast is moderately wounded.
The ice beast hits you.
* * * LOW HITPOINT WARNING * * *
The ice beast freezes you!
You die...

####
##@.#
##Y#.#
#..#...
##.#.#.##
#..#####
##..#
#.## #..#
##..
##.## .#.


You could see an ice beast.

Vanquished Creatures
  A cyclops (D:7)
  A spiny frog (Lair:1)
  A rime drake (IceCv)
  A troll (D:8)
  A hornet (D:8)
  7 hippogriffs
  2 hungry ghosts
  Edmund (D:6)
  2 porcupines (D:8)
  A water moccasin (Lair:1)
  2 sky beasts (D:6)
  6 ogres
  3 orc warriors
  19 ice beasts
  2 phantoms
  A black bear (D:8)
  4 centaurs
  A crocodile (Lair:1)
  2 big kobolds
  7 bullfrogs
  A wyvern zombie (D:8)
  4 scorpions
  4 wights (D:7)
  4 howler monkeys
  2 crimson imps
  A centaur zombie (D:8)
  3 jellies
  4 orc priests
  3 hounds
  Jessica (D:2)
  2 bullfrog skeletons
  2 centaur skeletons
  2 iguanas
  9 orc wizards
  6 worker ants
  2 hound skeletons
  A worker ant zombie (D:7)
  8 adders
  A shadow imp (D:5)
  9 oozes (D:3)
  An adder zombie (D:8)
  3 worms
  4 dart slugs
  6 leopard geckos
  22 orcs
  8 bats
  5 giant cockroaches
  3 goblins
  8 hobgoblins
  8 jackals
  22 kobolds
  11 quokkas
  9 frilled lizards
  A leopard gecko zombie (D:8)
  A quokka zombie (D:6)
  10 rats
  A rat zombie (D:8)
  A fungus (D:8)
258 creatures vanquished.

Vanquished Creatures (others)
  2 fungi
  11 toadstools (D:3)
13 creatures vanquished.

Grand Total: 271 creatures vanquished

Notes
Turn   | Place    | Note
-------+----------+-------------------------------------------
     0 | D:1      | dvd the Vine Stalker Fighter began the quest for the Orb.
     0 | D:1      | Reached XP level 1. HP: 11/11 MP: 2/2
   238 | D:1      | Reached XP level 2. HP: 15/16 MP: 3/3
   437 | D:1      | Reached skill level 2 in Axes
   517 | D:1      | Reached XP level 3. HP: 18/20 MP: 4/4
  1175 | D:2      | Noticed Jessica
  1178 | D:2      | Killed Jessica
  1178 | D:2      | Gained mutation: Your natural rate of healing is unusually
                  | fast. [Vine Stalker growth]
  1178 | D:2      | Reached XP level 4. HP: 24/24 MP: 5/5
  1265 | D:2      | Reached skill level 3 in Axes
  2050 | D:3      | Reached XP level 5. HP: 28/28 MP: 6/6
  2136 | D:3      | Reached skill level 1 in Stealth
  2262 | D:3      | Reached skill level 1 in Dodging
  2340 | D:3      | Reached XP level 6. HP: 32/32 MP: 7/7
  2555 | D:4      | Found a hazy altar of Hepliaklqana.
  2818 | D:4      | Reached skill level 4 in Axes
  2818 | D:4      | Reached XP level 7. HP: 36/36 MP: 8/8
  2895 | D:4      | Found Tumoekko's Armour Shoppe.
  2900 | D:4      | Bought a +1 cloak for 115 gold pieces
  2948 | D:4      | Found Ozuklot's Armour Boutique.
  2985 | D:4      | Found Wuotis's Gadget Shop.
  2987 | D:4      | Found Hasecuy's Antique Weapon Emporium.
  3299 | D:5      | Entered Level 5 of the Dungeon
  3343 | D:5      | Reached skill level 5 in Axes
  3483 | D:5      | Found a stormy altar of Qazlal.
  3485 | D:5      | Found a radiant altar of Vehumet.
  3487 | D:5      | Found a sacrificial altar of Ru.
  3488 | D:5      | Found a shimmering altar of Xom.
  3488 | D:5      | Found a sparkling altar of Nemelex Xobeh.
  3488 | D:5      | Found an opulent altar of Gozag.
  3488 | D:5      | Found a shadowy altar of Dithmenos.
  3607 | D:5      | Gained mutation: You have razor-sharp teeth. [Vine Stalker
                  | growth]
  3607 | D:5      | Reached XP level 8. HP: 42/42 MP: 9/9
  4123 | D:6      | Reached skill level 6 in Axes
  4132 | D:6      | Found an ornate altar of the Wu Jian Council.
  4359 | D:6      | Found a staircase to the Ecumenical Temple.
  4379 | Temple   | Entered the Ecumenical Temple
  4429 | Temple   | Became a worshipper of Makhleb the Destroyer
  4574 | D:6      | Noticed Edmund
  4592 | D:6      | Killed Edmund
  4633 | D:6      | Reached skill level 5 in Fighting
  4633 | D:6      | Reached skill level 7 in Axes
  4955 | D:7      | Noticed a hippogriff
  4963 | D:7      | Reached XP level 9. HP: 42/47 MP: 8/10
  5085 | D:7      | Noticed a cyclops
  5095 | D:7      | Reached * piety under Makhleb
  5156 | D:7      | Killed a cyclops
  5251 | D:7      | Reached skill level 8 in Axes
  5704 | D:8      | Reached skill level 5 in Shields
  5726 | D:8      | Reached XP level 10. HP: 52/53 MP: 11/11
  5737 | D:8      | Reached skill level 5 in Armour
  5743 | D:8      | Reached ** piety under Makhleb
  5778 | D:8      | Reached skill level 9 in Axes
  5817 | D:8      | Found a hide-covered altar of Uskayaw.
  5869 | D:8      | Found a staircase to the Lair.
  6040 | D:8      | Found a glowing golden altar of the Shining One.
  6340 | D:8      | Found an ancient bone altar of Kikubaaqudgha.
  6504 | D:8      | Reached skill level 1 in Invocations
  6706 | D:9      | Noticed Erolcha
  6752 | Lair:1   | Entered Level 1 of the Lair of Beasts
  6806 | Lair:1   | Noticed a spiny frog
  6818 | Lair:1   | Killed a spiny frog
  6835 | Lair:1   | Reached skill level 10 in Axes
  6835 | Lair:1   | Reached XP level 11. HP: 51/58 MP: 5/13
  7053 | Lair:1   | Found a frozen archway.
  7062 | Lair:1   | Reached *** piety under Makhleb
  7114 | IceCv    | Entered an ice cave
  7341 | IceCv    | HP: 2/58 [ice beast[an ice statue] (11)]
  7356 | IceCv    | Slain by an ice beast

Skill      XL: |  1  2  3  4  5  6  7  8  9 10 11 |
---------------+----------------------------------+-----
Fighting       | 3 4 5 6 7 |  7.1
Axes           | 2 3 4 5 7 8 10 | 10.4
Shields        | 3 4 5 6 |  6.5
Stealth        | 1 2 3 |  3.4
Dodging        | 1 2 3 4 |  4.0
Armour         | 3 4 5 6 |  6.1
Invocations    | 1 2 |  2.5

Action                   |  1- 3 |  4- 6 |  7- 9 | 10-12 || total
-------------------------+-------+-------+-------+-------++-------
Melee: War axe           |    98 |   176 |   263 |   259 ||   796
       Bite              |    27 |    53 |    92 |    96 ||   268
Invok: Minor Destruction |       |       |       |    15 ||    15
  Use: Scroll            |     3 |     3 |     9 |     1 ||    16
       Potion            |       |       |     1 |       ||     1
  Eat: Chunk             |     1 |     6 |    10 |     9 ||    26
       Ration            |       |       |     1 |       ||     1
Armor: Scale mail        |    64 |    86 |   132 |   140 ||   422
Dodge: Dodged            |    34 |    68 |    82 |   100 ||   284
Block: Shield            |    60 |    92 |   139 |   167 ||   458
